 Dungeon Crawl Stone Soup version 0.18.1-51-gd549091e01 (webtiles) character file.

249 magog001 the Vandal (level 5, -5/45 HPs)
             Began as a Minotaur Hunter on Mar 13, 2020.
             Slain by an ogre
             ... wielding a +0 giant club
              (10 damage)
             ... on level 4 of the Dungeon on Mar 20, 2020.
             The game lasted 00:23:02 (5120 turns).

magog001 the Vandal (Minotaur Hunter)               Turns: 5120, Time: 00:23:03

Health: -5/45      AC: 16    Str: 17    XL:     5   Next: 87%
Magic:  13/13      EV:  5    Int:  8    God:
Gold:   177        SH:  0    Dex: 14    Spells: 0 memorised, 4 levels left

rFire  . . .     SeeInvis .     A - -2 short sword (curse)
rCold  . . .     Gourm    .     c - +0 plate armour
rNeg   + + .     Faith    .     (no shield)
rPois  .         Spirit   .     (helmet restricted)
rElec  .         Dismiss  .     g - +1 cloak
rCorr  .         Reflect  .     o - +2 pair of gloves "Hero's Friend" {rN++ MP+9 Dex+3 Stlth-}
SustAt .         Harm     .     (no boots)
MR     .....                    y - amulet of rage
Stlth  ..........               (no ring)
                                (no ring)

@: not resistant to hostile enchantments, extremely unstealthy
A: retaliatory headbutt, horns 2
a: Evoke Berserk Rage


You were on level 4 of the Dungeon.
You were not hungry.

You visited 1 branch of the dungeon, and saw 5 of its levels.

You collected 177 gold pieces.

Inventory:

Hand Weapons
 a - a +2 hunting sling
 b - a +0 short sword
 s - a +0 arbalest
 A - a cursed -2 short sword (weapon)
 C - a +0 short sword of draining
Missiles
 d - 60 sling bullets
 j - 59 arrows
 k - 126 stones (quivered)
 x - 24 poisoned needles
Armour
 c - a +0 plate armour (worn)
 g - a +1 cloak (worn)
 o - the +2 pair of gloves "Hero's Friend" (worn) {rN++ MP+9 Dex+3 Stlth-}
   (You found it on level 4 of the Dungeon)

   It affects your dexterity (+3).
   It greatly protects you from negative energy.
   It affects your magic capacity (+9).
   It makes you less stealthy.
Jewellery
 e - a +5 ring of dexterity {unknown}
 y - an amulet of rage (around neck)
Wands
 E - a wand of paralysis (5/24)
Scrolls
 l - 4 scrolls of identify
 m - 3 scrolls of recharging {unknown}
 p - 3 scrolls of teleportation
Potions
 h - a potion of magic {unknown}
 n - 2 potions of flight {unknown}
 q - a potion of heal wounds {unknown}
 r - a potion of agility {unknown}
 t - a potion of cure mutation {unknown}
 u - a potion of curing
 v - a potion of haste {unknown}
 z - a potion of brilliance {unknown}
 F - a potion of invisibility {unknown}
Comestibles
 f - 3 bread rations
 i - 4 fruits
 w - a royal jelly
 B - a slice of pizza
 D - 2 meat rations
 G - 9 chunks of flesh


   Skills:
 * Level 3.2 Fighting
 * Level 7.0 Slings
 * Level 2.9 Armour
 - Level 2.1 Dodging
 - Level 0.7 Stealth


You had 4 spell levels left.
You didn't know any spells.

Dungeon Overview and Level Annotations

Branches:
Dungeon (5/15)
 Temple: D:4-7

Altars:
Cheibriados
Makhleb

Annotations:
D:4 Pikel


Innate Abilities, Weirdness & Mutations

You reflexively headbutt those who attack you in melee.
You have a pair of horns on your head.


Message History

You hit the ogre.
The ogre is heavily wounded.
You completely miss the ogre.
The ogre is heavily wounded.
The ogre hits you with a giant club!
You hit the ogre. You headbutt the ogre!
The ogre is severely wounded.
The ogre hits you with a giant club!
* * * LOW HITPOINT WARNING * * *
Drink which item? (? for menu, Esc to quit)
You feel better. The ogre barely misses you.
The ogre hits you with a giant club!
* * * LOW HITPOINT WARNING * * *
You see here a trident.
There is a stone staircase leading down here.
The ogre hits you with a giant club.
* * * LOW HITPOINT WARNING * * *
You see here a spear.
The ogre hits you with a giant club!
You die...

... #.....#######
... #.....#.))..#
...##.....#.###.#
..........#)###.#
...............>#
.....##.###.###.###
........###.# #...#
.##.......#.#
#.#O###
..........#.#
#.@)..#
.##.##....#.#
###.#.#
#.###'###.#####.#.#
#...........[...#.#
#.....###...#####.#
.............# #.#
..............# #.#
..............# #.#
..............# #.#


You could see an ogre.

Vanquished Creatures
  2 slaves (D:4)
  A centaur skeleton (D:4)
  A hound (D:4)
  An orc wizard (D:4)
  Terence (D:2)
  A worker ant (D:4)
  2 adders
  An adder skeleton (D:4)
  4 worms
  4 giant geckos
  5 orcs (D:4)
  8 bats
  3 giant cockroaches
  5 goblins
  4 hobgoblins
  13 jackals
  2 quokkas
  A giant gecko skeleton (D:4)
  5 giant newts
  7 kobolds
  6 rats
77 creatures vanquished.

Notes
Turn   | Place    | Note
--------------------------------------------------------------
     0 | D:1      | magog001 the Minotaur Hunter began the quest for the Orb.
     0 | D:1      | Reached XP level 1. HP: 18/18 MP: 0/0
   406 | D:1      | Reached XP level 2. HP: 25/25 MP: 1/1
   546 | D:1      | Reached skill level 5 in Slings
  1102 | D:2      | Reached XP level 3. HP: 30/30 MP: 2/2
  1118 | D:2      | Noticed Terence
  1127 | D:2      | Killed Terence
  1127 | D:2      | Reached skill level 1 in Armour
  2318 | D:2      | Reached XP level 4. HP: 34/37 MP: 3/3
  2345 | D:2      | Found a burning altar of Makhleb.
  2489 | D:2      | Found a snail-covered altar of Cheibriados.
  3558 | D:3      | Reached skill level 6 in Slings
  4038 | D:3      | You fall through a shaft for 2 floors!
  4038 | D:5      | Entered Level 5 of the Dungeon
  4360 | D:4      | Reached XP level 5. HP: 34/45 MP: 4/4
  4552 | D:4      | Got a pair of ichor-stained gloves
  4558 | D:4      | Identified the +2 pair of gloves "Hero's Friend" {rN++ MP+9 Dex+3 Stlth-} (You found it on level 4 of the Dungeon)
  4647 | D:4      | Noticed a slave
  4648 | D:4      | Noticed a slave
  4649 | D:4      | Noticed Pikel
  4714 | D:4      | Killed a slave
  4725 | D:4      | Killed a slave
  4986 | D:4      | Reached skill level 7 in Slings
  5092 | D:4      | Noticed an ogre
  5120 | D:4      | Slain by an ogre

Skill      XL: |  1  2  3  4  5 |
---------------+----------------+-----
Slings         | 5 6 7 |  7.0
Armour         | 1 2 |  2.9
Fighting       | 3 |  3.2
Dodging        | |  2.1
Stealth        | |  0.7

Action                   |  1- 3 |  4- 6 || total
-------------------------+-------+-------++-------
Melee: Short sword       |       |   164 ||   164
       Headbutt          |       |    31 ||    31
 Fire: Hunting sling     |    68 |    86 ||   154
  Use: Scroll            |       |     6 ||     6
       Potion            |       |     2 ||     2
  Eat: Chunk             |     1 |     5 ||     6
       Meat ration       |     1 |       ||     1
       Beef jerky        |     1 |       ||     1
Armor: Scale mail        |    12 |     8 ||    20
       Plate armour      |       |   158 ||   158
Dodge: Dodged            |    33 |    79 ||   112
